 Dungeon Crawl Stone Soup version 0.27.0-1-g7a089689b8 (webtiles) character file.

Game seed: 3305802100496154002

22 Sin92 the Skirmisher (level 2, 0/27 HPs)
             Began as a Minotaur Fighter on Aug 4, 2021.
             Killed from afar by Sigmund (4 damage)
             ... with a magic dart
             ... on level 2 of the Dungeon.
             The game lasted 00:00:45 (1266 turns).

Sin92 the Skirmisher (Minotaur Fighter)             Turns: 1266, Time: 00:00:45

Health: 0/27       AC:  7    Str: 20    XL:     2   Next: 68%
Magic:  1/1        EV:  7    Int: 11    God:
Gold:   76         SH:  9    Dex:  9    Spells: 1/1 levels left

rFire    . . .     SeeInvis .   a - +0 war axe
rCold    . . .     Faith    .   c - +0 kite shield
rNeg     . . .     Spirit   .   b - +0 scale mail
rPois    .         Reflect  .   (helmet restricted)
rElec    .         Harm     .   (no cloak)
rCorr    .         Rampage  .   (no gloves)
Will     .....                  (no boots)
Stlth    ..........             (no amulet)
HPRegen  0.09/turn              g - +6 ring of intelligence
MPRegen  0.07/turn              (no ring)

@: no status effects
A: horns 2, retaliatory headbutt
a: no special abilities


You were on level 2 of the Dungeon.
You visited 1 branch of the dungeon, and saw 2 of its levels.

You collected 76 gold pieces.

Inventory:

Hand Weapons
 a - a +0 war axe (weapon)
Armour
 b - a +0 scale mail (worn)
 c - a +0 kite shield (worn)
Jewellery
 g - a +6 ring of intelligence (left hand)
 i - a ring of fire
 j - a ring of fire
Scrolls
 e - a scroll of fog {unknown}
Potions
 d - 3 potions of might
 f - a potion of berserk rage {unknown}
 h - a potion of haste {unknown}
 k - a potion of curing {unknown}


   Skills:
 + Level 3.8 Fighting
 * Level 3.0 Axes
 + Level 3.8 Armour
 + Level 1.0 Dodging
 + Level 3.8 Shields


You had one spell level left.
You didn't know any spells.
Your spell library was empty.

Dungeon Overview and Level Annotations

Branches:
Dungeon (2/15)

Altars:

Annotations:
D:2 1 runed translucent door, Crazy Yiuf, Sigmund


Innate Abilities, Weirdness & Mutations

You have a pair of horns on your head.
You reflexively headbutt those who attack you in melee.


Message History

Unknown command.
A hobgoblin is nearby!
Something hits you. Something hits you.
Unknown command.
A hobgoblin is nearby!
You hit the hobgoblin.
The hobgoblin is lightly wounded.
You barely miss something. Something hits you but does no damage.
You block the hobgoblin's attack. Something completely misses you.
The hobgoblin hits you but does no damage.
Unknown command.
A hobgoblin is nearby!
You barely miss the hobgoblin.
The hobgoblin is lightly wounded.
You closely miss something. Something hits you!
The hobgoblin hits you but does no damage.
Something hits you but does no damage.
Unknown command.
A hobgoblin is nearby!
You are too injured to fight recklessly!
You are too injured to fight recklessly!
You slash something! You barely miss the hobgoblin.
The hobgoblin barely misses you. You block something's attack.
The hobgoblin closely misses you. You furiously retaliate!
You headbutt the hobgoblin. You barely miss something.
You closely miss the hobgoblin.
You hear some strange, mumbled words.
Something tries to affect you, but you resist.
The hobgoblin hits you but does no damage.
Something hits you but does no damage. The hobgoblin barely misses you.
You miss something. You closely miss the hobgoblin. Something hits you!
* * * LOW HITPOINT WARNING * * *
The hobgoblin barely misses you.
You miss something. You headbutt something! You hit the hobgoblin.
You kill the hobgoblin!
You hear some strange, mumbled words.
A magic dart appears from out of thin air!
The magic dart hits you.
You die...

.. ..#### #....#
#....# #....#
+....+.. ... #†{..#.#
.... #.@..#.# #...
##....#.#########.#+
#.....#.#...........
#.....#.#.#.........
##.....#.#...........
#..................>.
#.######.#.....###...
#.. #.#.#......††.
#..# #.#.#.........


There were no monsters in sight!

Vanquished Creatures
  A dart slug (D:2)
  2 endoplasms (D:1)
  A giant cockroach (D:1)
  4 hobgoblins
  2 kobolds (D:1)
  A quokka (D:1)
  3 ball pythons
  2 frilled lizards (D:1)
  2 goblins
  4 rats
22 creatures vanquished.

Notes
Turn   | Place    | Note
-------+----------+-------------------------------------------
     0 | D:1      | Sin92 the Minotaur Fighter began the quest for the Orb.
     0 | D:1      | Reached XP level 1. HP: 19/19 MP: 0/0
   176 | D:1      | Reached XP level 2. HP: 27/27 MP: 1/1
   598 | D:1      | Found a faded altar of an unknown god.
   771 | D:2      | Found a runed translucent door.
   772 | D:2      | Noticed Crazy Yiuf
   882 | D:2      | Reached skill level 1 in Dodging
  1256 | D:2      | Noticed Sigmund
  1266 | D:2      | Killed from afar by Sigmund

Illustrated notes

Levels and vault maps discovered:
D:1:      dpeg_arrival_refuge, layout_loops_corners,
          chequers_ecumenical_altar_simple, serial_glass, glass_columns_a,
          glass_columns_b, glass_columns_b, glass_columns_b, glass_columns_c,
          glass_columns_a, grunt_decor_fettered
D:2:      layout_basic, serial_shops, shop, hex_intersection,
          nicolae_underground_beach, uniq_sigmund, uniq_crazy_yiuf_cottage

Skill      XL: |  1  2 |
---------------+-------+-----
Dodging        | 1 |  1.0
Axes           | 3 |  3.0
Fighting       | |  3.8
Armour         | |  3.8
Shields        | |  3.8

Action                   || total
-------------------------++-------
Melee: War axe           ||    29
       Headbutt          ||     6
Armor: Scale mail        ||    17
Dodge: Dodged            ||    17
Block: Kite shield       ||    13
